AoeStats
← CapDeadpool600

Glade

510384393Analyzed
1v1 RM · 2d ago on Sep 30, 2026· 19m 33s· 2 players
Game mode
Random Map
Map size
Tiny (2 player)
Population
200
Speed
Normal
Resources
Standard
Victory
Conquest
Starting age
Dark Age
Ending age
Imperial Age
RankedLock teamsTeams togetherTeam positionsShared explorationLock speedFull tech treeHidden civsTurbo modeCheats
Victory
Defeat
🇪🇸 Lithuanians · Spain
384
+17
🇺🇸 Slavs · United States
407
-20
Spike
2:50 Loom
11:25 Feudal Age
12:15 Man-at-Arms
17:04 Horse Collar
17:29 Padded Archer Armor
17:38 Fletching
CapDeadpool600
11:53 Feudal Age
15:11 Wheelbarrow
14:31 Horse Collar
15:10 Double-Bit Axe
19:28 Bloodlines
Connection lost

Rejoining the realm…

Still unreachable

The connection could not be restored.

Session expired

The server has moved on; the page needs a fresh start.